 Dungeon Crawl Stone Soup version 0.26.0-57-g60708a5e39 (webtiles) character file.

Game seed: 7213554727841614800

457 drevil the Skirmisher (level 6, -9/56 HPs)
             Began as a Minotaur Berserker on Feb 1, 2021.
             Was a Priest of Trog.
             Killed from afar by Dowan (14 damage)
             ... with a shard of ice
             ... on level 4 of the Dungeon.
             The game lasted 00:05:46 (2919 turns).

drevil the Skirmisher (Minotaur Berserker)          Turns: 2919, Time: 00:05:46

Health: -9/56      AC:  6    Str: 24    XL:     6   Next: 77%
Magic:  5/5        EV: 12    Int:  4    God:    Trog [***...]
Gold:   149        SH:  0    Dex:  9    Spells: 5/5 levels left

rFire    . . .     SeeInvis .   a - +1 hand axe
rCold    . . .     Faith    .   (no shield)
rNeg     . . .     Spirit   .   j - +0 ring mail
rPois    .         Reflect  .   (helmet restricted)
rElec    .         Harm     .   (no cloak)
rCorr    .         Rampage  .   (no gloves)
Will     .....                  (no boots)
Stlth    ..........             d - amulet of inaccuracy (curse)
HPRegen  0.18/turn              (no ring)
MPRegen  0.09/turn              (no ring)

@: lethally poisoned (-9 -> -12)
A: retaliatory headbutt, horns 2
a: Renounce Religion, Berserk, Trog's Hand


You were on level 4 of the Dungeon.
You worshipped Trog.
Trog was most pleased with you.
You visited 1 branch of the dungeon, and saw 4 of its levels.

You collected 149 gold pieces.

Inventory:

Hand Weapons
 a - a +1 hand axe (weapon)
Armour
 j - a +0 ring mail (worn)
Jewellery
 d - a cursed amulet of inaccuracy (around neck)
 g - a +6 ring of intelligence
 n - an uncursed amulet of reflection
 p - an uncursed amulet of guardian spirit
Wands
 h - a wand of random effects (17)
Scrolls
 c - 2 scrolls of identify
 e - a scroll of teleportation
Potions
 i - a potion of cancellation {unknown}
 k - a potion of ambrosia {unknown}
 m - a potion of curing {unknown}
 o - 2 potions of flight {unknown}
 q - a potion of mutation {unknown}


   Skills:
 + Level 5.6 Fighting
 + Level 5.5 Axes
 + Level 4.8 Armour
 + Level 4.3 Dodging


You had 5 spell levels left.
You didn't know any spells.
Your spell library was empty.

Dungeon Overview and Level Annotations

Branches:
Dungeon (4/15)
 Temple: D:4-7

Altars:
Fedhas
Trog

Annotations:
D:2 exclusion: oklob plant
D:4 Dowan


Innate Abilities, Weirdness & Mutations

You reflexively headbutt those who attack you in melee.
You have a pair of horns on your head.


Message History

Trog accepts your kill.
You feel sick. Dowan casts a spell at you. The stone arrow hits you!
* * * LOW HITPOINT WARNING * * *
Dowan misses you.
You take 10 damage, and have 16/56 hp.
You barely miss Dowan.
Dowan is almost dead.
Dowan gestures at you while chanting. The shard of ice hits you!
* * * LOW HITPOINT WARNING * * *
You take 10 damage, and have 6/56 hp.
You miss Dowan.
Dowan is almost dead.
You recover from your berserk rage.
You feel sick. Dowan casts a spell at you. The shard of ice hits you!
You die...

# #####.# .# # #.#
.# .. #.# ..
####.####.# .#
..........# .#
#########.#######.#
##.....>..#
####.##.## #.##@##
#..))e## ####†..#
#....# #........
#........ #........
......... #>###.##.


You could see Dowan (fast).

Vanquished Creatures
  Duvessa (D:4)
  An ogre (D:4)
  A scorpion (D:4)
  A howler monkey (D:4)
  A hound (D:3)
  Ijyb (D:4)
  A worker ant (D:4)
  3 adders
  A worm (D:4)
  2 dart slugs
  A leopard gecko (D:1)
  8 orcs
  7 bats
  4 giant cockroaches
  8 goblins
  5 hobgoblins
  5 jackals
  A quokka (D:2)
  A ball python (D:3)
  A frilled lizard (D:1)
  9 kobolds
  8 rats
71 creatures vanquished.

Vanquished Creatures (others)
  13 toadstools (D:2)
13 creatures vanquished.

Grand Total: 84 creatures vanquished

Notes
Turn   | Place    | Note
-------+----------+-------------------------------------------
     0 | D:1      | drevil the Minotaur Berserker began the quest for the Orb.
     0 | D:1      | Reached XP level 1. HP: 19/19 MP: 0/0
   204 | D:1      | Reached XP level 2. HP: 27/27 MP: 1/1
  1235 | D:2      | Reached ** piety under Trog
  1236 | D:2      | Reached XP level 3. HP: 33/33 MP: 2/2
  1652 | D:2      | Found a blossoming altar of Fedhas.
  1673 | D:2      | Noticed an oklob plant
  2102 | D:3      | Reached XP level 4. HP: 30/41 MP: 3/3
  2284 | D:3      | Found a bloodstained altar of Trog.
  2728 | D:4      | Noticed Ijyb
  2739 | D:4      | Killed Ijyb
  2800 | D:4      | Reached XP level 5. HP: 43/47 MP: 4/4
  2853 | D:4      | Noticed an ogre
  2854 | D:4      | Noticed Duvessa
  2864 | D:4      | Killed an ogre
  2865 | D:4      | Reached skill level 5 in Fighting
  2865 | D:4      | Reached skill level 5 in Axes
  2865 | D:4      | Reached XP level 6. HP: 56/56 MP: 5/5
  2875 | D:4      | Noticed Dowan
  2877 | D:4      | Killed Duvessa
  2880 | D:4      | Reached *** piety under Trog
  2919 | D:4      | Killed from afar by Dowan

Illustrated notes

Levels and vault maps discovered:
D:1:      dpeg_arrival_morbid_curiosity, layout_basic
D:2:      layout_loops_corners, tgw_fedhas
D:3:      layout_rooms, chequers_serial_rivers_small_b, bloody_trog
D:4:      layout_loops_ring, amethyst_overflow_temple_binary,
          general_overflow_altar, enter_ossuary_3,
          gammafunk_ghost_nasty_kobolds, portal_sewer_entry_d,
          hangedman_abyss_or_decor_passed, uniq_duvessa, uniq_ijyb

Skill      XL: |  1  2  3  4  5  6 |
---------------+-------------------+-----
Axes           | 4 5 |  5.5
Fighting       | 4 5 |  5.6
Armour         | 3 4 |  4.8
Dodging        | 3 4 |  4.3

Action                   |  1- 3 |  4- 6 || total
-------------------------+-------+-------++-------
Melee: Hand axe          |    72 |    93 ||   165
       Headbutt          |     9 |    12 ||    21
Invok: Berserk           |       |     2 ||     2
  Use: Scroll            |       |     9 ||     9
       Potion            |       |     4 ||     4
Armor: Animal skin       |    24 |     6 ||    30
       Ring mail         |       |    28 ||    28
Dodge: Dodged            |    72 |    85 ||   157
